 Dungeon Crawl Stone Soup version 0.26-a0-646-g5d7718319a (webtiles) character file.

Game seed: 5793620659999373913

63 DogServant the Skirmisher (level 3, 27/27 HPs)
             Began as a Demonspawn Chaos Knight on Sept 24, 2020.
             Was a Plaything of Xom.
             Quit the game on level 1 of the Dungeon.
             The game lasted 00:03:07 (2027 turns).

DogServant the Skirmisher (Demonspawn Chaos Knight) Turns: 2027, Time: 00:03:07

Health: 27/27      AC:  5    Str: 12 (13) XL:     3   Next: 87%
Magic:  3/3        EV:  9    Int: 12 (13) God:    Xom [....*.]
Gold:   114        SH:  3    Dex: 12      Spells: 2/2 levels left

rFire    + . .     SeeInvis .   a - +0 hand axe (chaos)
rCold    . . .     Faith    .   d - +0 buckler
rNeg     . . .     Spirit   .   i - +0 ring mail
rPois    .         Reflect  .   (helmet restricted)
rElec    .         Harm     .   (no cloak)
rCorr    .         Rampage  .   (no gloves)
MR       .....                  (no boots)
Stlth    ..........             (no amulet)
HPRegen  0.09/turn              (no ring)
MPRegen  0.08/turn              (no ring)

@: no status effects
A: antennae 1, claws 1, hooves 1, deterioration 1, fire resistance 1, frail 1
a: Renounce Religion


You were on level 1 of the Dungeon.
You worshipped Xom.
You were a beloved toy of Xom.
You visited 1 branch of the dungeon, and saw 2 of its levels.

You collected 114 gold pieces.

Inventory:

Hand Weapons
 a - a +0 hand axe of chaos (weapon)
Missiles
 c - 7 javelins
 j - 4 atropa-tipped darts (quivered)
Armour
 b - a +2 leather armour
 d - a +0 buckler (worn)
 i - a +0 ring mail (worn)
Scrolls
 k - 6 scrolls of identify {unknown}
 l - a scroll of teleportation {unknown}
Potions
 e - a potion of stabbing
 g - a potion of might
 h - a potion of lignification


   Skills:
 + Level 4.0 Fighting
 + Level 3.6 Axes
 - Level 1.7 Armour
 - Level 0.8 Dodging


You had 2 spell levels left.
You didn't know any spells.
Your spell library was empty.

Dungeon Overview and Level Annotations

Branches:
Dungeon (2/15)

Altars:


Innate Abilities, Weirdness & Mutations

Your flesh is heat resistant. (rF+)
You have a pair of small antennae on your head.
You have sharp fingernails.
You have large cloven feet.
Your body sometimes deteriorates upon taking damage.
You are frail. (-10% HP)


Message History

Found a short sword.
You see here a stone.
You see here a stone.
There is an escape hatch in the floor here.
Found 14 sling bullets.
Found a stone staircase leading up.
k - 6 scrolls labeled HIFOCZA SIRAZO (gained 1)
There is a stone staircase leading up here.
There is a stone staircase leading up here.
You see here 14 sling bullets.
Done exploring.
Done exploring.
Done exploring.
(D) Dungeon
Where to? (Enter - D:2, ? - help)
You see here 14 sling bullets.
There is a stone staircase leading up here.
You climb upwards.
There is a stone staircase leading down here.
Are you sure you want to abandon this character and quit the game? (Confirm with "yes".)

#.# ##......# ##...### #. #.##
####..## #..### #.
#..#######..####..# #. #
##.##..)..........# #.
####....####.....#.## #.
.†.#..### ##.##...### #. ##....##
##(###....# #. .###...##
#..###..#.## #. .[##....##
#..##@.##..# #.
#.....#..###..##.####.# #.
####..##...#...#.# #.#### #.
#..####.......## #....## ##.
#..####........######..# #..
####.......###.##....####(#####..
.......##### #.#####...##.(......
##......[### #.## ###..###(.)...
#..........# #..# ##.# #(.>...


There were no monsters in sight!

Vanquished Creatures
  An adder (D:2)
  An ooze (D:2)
  A worm (D:2)
  2 dart slugs
  6 bats
  4 giant cockroaches
  4 goblins
  6 hobgoblins
  A quokka (D:2)
  3 ball pythons (D:2)
  2 frilled lizards
  5 kobolds
  5 rats
41 creatures vanquished.

Notes
Turn   | Place    | Note
-------+----------+-------------------------------------------
     0 | D:1      | DogServant the Demonspawn Chaos Knight began the quest for
                  | the Orb.
     0 | D:1      | Reached XP level 1. HP: 18/18 MP: 1/1
    73 | D:1      | XOM: silly message
    82 | D:1      | Gained mutation: Your flesh is heat resistant. (rF+)
                  | [demonic ancestry]
    82 | D:1      | Reached XP level 2. HP: 24/24 MP: 2/2
   326 | D:1      | XOM: give mutations
   326 | D:1      | Gained mutation: You are frail. (-10% HP) [Xom's mischief]
   326 | D:1      | Gained mutation: Your body sometimes deteriorates upon
                  | taking damage. [Xom's mischief]
   527 | D:2      | XOM: 2-stop teleportation journey
   530 | D:2      | XOM: stat loss: -1 Int (11/13)
   535 | D:2      | Reached XP level 3. HP: 18/27 MP: 3/3
   628 | D:2      | XOM: god gift: fuming white potion {god gift}
   813 | D:2      | XOM: give mutations
   813 | D:2      | Gained mutation: You have large cloven feet. [Xom's grace]
   813 | D:2      | Gained mutation: You have sharp fingernails. [Xom's grace]
   813 | D:2      | Gained mutation: You have a pair of small antennae on your
                  | head. [Xom's grace]
   876 | D:2      | Reached skill level 4 in Fighting
   883 | D:2      | XOM: god gift: 7 javelins
  1350 | D:2      | XOM: summons 2 hostile demons
  1369 | D:2      | HP: 1/27 [shadow imp[Xom] (4)]
  2027 | D:1      | Quit the game

Illustrated notes

Levels and vault maps discovered:
D:1:      dpeg_arrival_tiny_a, layout_rooms
D:2:      layout_rooms

Skill      XL: |  1  2  3 |
---------------+----------+-----
Axes           | 3 |  3.6
Fighting       | 4 |  4.0
Armour         | |  1.7
Dodging        | |  0.8

Action                   || total
-------------------------++-------
Melee: Hand axe          ||   122
       Kick              ||     1
  Use: Potion            ||     7
       Scroll            ||     1
Armor: Leather armour    ||    23
       Ring mail         ||    20
       Skin              ||     2
Dodge: Dodged            ||    81
Block: Buckler           ||     4

Table legend: (Time is in decaauts)
 A = Elapsed time spent in this place.
 B = Non-inter-level travel time spent in this place.
 C = Inter-level travel time spent in this place.
 D = Time resting spent in this place.
 E = Time spent auto-exploring this place.
 F = Levels seen in this place.
 G = Mean time per level.
                   A        B        C        D        E       F      G
               +--------+--------+--------+--------+--------+-----+--------+
         Total |   2026 |   1986 |     40 |    927 |    761 |   2 | 1013.0 |
       Dungeon |   2026 |   1986 |     40 |    927 |    761 |   2 | 1013.0 |
               +--------+--------+--------+--------+--------+-----+--------+

Top non-repeatable levels by time:
     D:2: 1530 daAuts
     D:1: 495 daAuts
